 Dungeon Crawl Stone Soup version 0.31.0-9-g3a7656b989 (webtiles) character file.

Game seed: 11790306041275087552

1620441 EnegeticOcto the Wild Ghoul (level 26, 239/239 HPs)
             Began as a Ghoul Berserker on Feb 1, 2024.
             Was a High Priest of Trog.
             Escaped with the Orb
             ... and 3 runes!
             The game lasted 01:27:47 (70085 turns).

EnegeticOcto the Wild Ghoul (Ghoul Berserker)      Turns: 70085, Time: 01:27:48

Health: 239/239    AC: 50    Str: 29    XL:     26   Next: 53%
Magic:  37/37      EV: 18    Int:  8    God:    Trog [*****.]
Gold:   705        SH: 24    Dex: 17    Spells: 25/25 levels left

rFire   + . .        b - +9 broad axe (venom)
rCold   + + .        m - +5 tower shield {AC+3}
rNeg    + + +        f - +8 crystal plate armour "Meuruonixt" {+Inv rPois}
rPois   ∞            G - +1 helmet of the Bull {^Drain rElec rC+}
rElec   +            Y - +1 cloak "Saddilun" {rF+}
rCorr   .            p - +1 pair of gloves "Ejiukum" {+Blink Dex+2}
SInv    .            R - +2 pair of boots
Will    +....        u - amulet of guardian spirit Stlth
                     t - +5 ring of evasion
HPRegen 0.59/turn    C - ring "Xosm" {Int+2 Dex+3 Slay+4, =R}
MPRegen 0.25/turn

%: guardian spirit
@: no status effects
A: claws 1, cold resistance 1, negative energy resistance 3, inhibited
regeneration, torment resistance 2, devour on kill
0: Orb of Zot
}: 3/15 runes: serpentine, barnacled, silver
a: Renounce Religion, Evoke Blink, Evoke Invisibility, Trog's Hand, Brothers in
Arms


You escaped.
You worshipped Trog.
Trog was extremely pleased with you.
You visited 9 branches of the dungeon, and saw 47 of its levels.
You visited 1 bazaar.
You also visited: Ossuary and Wizlab.

You collected 7121 gold pieces.
You spent 6416 gold pieces at shops.

Inventory:

Hand Weapons
 a - a +9 antimagic broad axe
   (Trog gifted it to you on level 3 of the Snake Pit)
 b - a +9 broad axe of venom (weapon)
   (You bought it in a shop on level 9 of the Dungeon)
Missiles
 y - 38 boomerangs (quivered)
 L - 3 javelins
 N - 2 throwing nets {!f}
 S - 16 silver javelins
 W - 9 curare-tipped darts
Armour
 f - the +8 crystal plate armour "Meuruonixt" (worn) {+Inv rPois}
   (You acquired it in a wizard's laboratory)

   rPois:     It protects you from poison +Inv: It lets you turn invisible.
 m - a +5 tower shield of protection (worn)
   (You took it off a naga warrior on level 4 of the Snake Pit)
 p - the +1 pair of gloves "Ejiukum" (worn) {+Blink Dex+2}
   (You found it on level 1 of the Shoals)

   Dex+2:     It affects your dexterity (+2).
   +Blink:    It lets you blink.
 G - the +1 helmet of the Bull (worn) {^Drain rElec rC+}
   (You found it on level 1 of the Snake Pit)

   rC+:       It protects you from cold.
   rElec:     It insulates you from electricity.
   ^Drain:    It drains your maximum health when unequipped.
 R - a +2 pair of boots (worn)
   (You found it on level 1 of the Lair of Beasts)
 Y - the +1 cloak "Saddilun" (worn) {rF+}
   (You bought it in a shop on level 2 of the Orcish Mines)

   rF+:       It protects you from fire.
Jewellery
 n - the ring of Uviprous {rF+ rCorr Dex+2 Stlth+}
   (You took it off a fire giant on level 4 of the Vaults)

   [ring of protection from fire]

   Dex+2:     It affects your dexterity (+2).
   rF+:       It protects you from fire.
   rCorr:     It protects you from acid and corrosion.
   Stlth+:    It makes you more stealthy.
 t - a +5 ring of evasion (left hand)
   (You found it on level 1 of the Snake Pit)
 u - an amulet of guardian spirit (around neck)
   (You found it on level 3 of the Snake Pit)
 C - the ring "Xosm" (right hand) {Int+2 Dex+3 Slay+4, =R}
   (You bought it in a shop on level 1 of the Snake Pit)

   [ring of slaying]

   Int+2:     It affects your intelligence (+2).
   Dex+3:     It affects your dexterity (+3).
   Slay+4:    It affects your accuracy & damage with ranged weapons and melee
   (+4).
 X - the ring of Ru's Supremacy {Fire Slay+3}
   (You found it on level 5 of the Vaults)

   [ring of fire]

   Fire:      It enhances your fire magic.
   Slay+3:    It affects your accuracy & damage with ranged weapons and melee
   (+3).
   rF+:       It protects you from fire.
   rC-:       It makes you vulnerable to cold.
Wands
 J - a wand of polymorph (16)
   (You found it on level 8 of the Dungeon)
 K - a wand of paralysis (11)
   (You took it off Maurice on level 8 of the Dungeon)
 M - a wand of iceblast (34) {@v2}
   (You found it on level 8 of the Dungeon)
 O - a wand of digging (14) {@v3}
   (You found it on level 10 of the Dungeon)
 U - a wand of acid (18) {@v1}
   (You found it on level 3 of the Elven Halls)
Scrolls
 c - 3 scrolls of blinking {@r4}
 g - 16 scrolls of teleportation {@r3 !r}
 o - 2 scrolls of summoning {!r}
 q - 3 scrolls of immolation
 v - 9 scrolls of fear {!r}
 w - 9 scrolls of fog {!r}
 x - 3 scrolls of silence {!r}
 A - 29 scrolls of identify {@r1}
 B - 5 scrolls of vulnerability
 P - 2 scrolls of torment
 T - 2 scrolls of poison {!r}
Potions
 d - 7 potions of haste {@q4 !q}
 e - 15 potions of curing {@q1 !q}
 h - 7 potions of invisibility
 i - 17 potions of heal wounds {@q2 !q}
 j - 10 potions of cancellation
 l - 5 potions of magic
 r - 3 potions of lignification {@q6}
 z - 5 potions of might {@q3 !q}
 E - 3 potions of attraction
 F - 8 potions of enlightenment
 H - 7 potions of mutation
 Q - 2 potions of ambrosia
Miscellaneous
 k - a tin of tremorstones (2/2)
   (You found it on level 5 of the Vaults)
 s - a phantom mirror
   (You found it on level 1 of the Shoals)
 I - a phial of floods
   (You found it on level 5 of the Vaults)
 V - a lightning rod (4/4)
   (You found it on level 5 of the Vaults)
 Z - a sack of spiders
   (You found it on level 5 of the Vaults)


   Skills:
 - Level 20.0 Fighting
 - Level 17.7(18.0) Axes
 - Level 5.3(12.7) Maces & Flails
 - Level 16.0 Throwing
 - Level 20.0 Armour
 + Level 15.5 Dodging
 - Level 5.0 Stealth
 + Level 15.1 Shields
 - Level 20.1 Invocations
 - Level 9.0 Evocations


You had 25 spell levels left.
You didn't know any spells.
Your spell library was empty.

Dungeon Overview and Level Annotations

Branches:
Dungeon (15/15)            Temple (0/1) D:6            Lair (5/5) D:8
 Shoals (4/4) Lair:2        Snake (4/4) Lair:2        Slime (0/5) Lair:4
    Orc (2/2) D:11            Elf (3/3) Orc:2        Vaults (5/5) D:13
  Crypt (0/3) Vaults:2     Depths (4/4) D:15            Zot (5/5) Depths:4
Ossuary (visited)          WizLab (visited)

Altars:
Ashenzari
Dithmenos
Fedhas
Gozag
Nemelex Xobeh
Okawaru
Ru
Sif Muna
Trog
Uskayaw
Vehumet
Wu Jian

Shops:
D:9 (   D:14 !   Orc:2 ?([!:   Elf:1 !   Elf:2 (   Shoals:3 *   Snake:1 (?=[:
Vaults:1 *   Vaults:2 [*   Depths:4 *

Portals:
Hell: Depths:1 Depths:2 Depths:3 Depths:4
Abyss: Depths:1 Depths:3
Pandemonium: Depths:2
Ziggurat: Depths:3

Annotations:
D:3 1 runed translucent door, CapUranus's ghost, amateur GrFi
D:15 1 runed translucent door, Asuwn's ghost, adept GrEE
Lair:3 2 transporters, exclusion: 2 oklob plants, confidenceinterval's ghost, journeyman GnWn
Shoals:3 3 runed translucent doors, exclusion: obsidian statue, ratatoskos's ghost, adept DjHW
Vaults:2 1 runed translucent door, AgonHex's ghost, veteran HOFi
Zot:5 2 transporters, 1 exclusion, HourglassMan's ghost, veteran MiFi


Innate Abilities, Weirdness & Mutations

You are immune to poison.
You have sharp fingernails.
Your flesh is cold resistant. (rC+)
You are immune to negative energy. (rN+++)
You do not regenerate when monsters are visible.
You are immune to unholy pain and torment.
You thrive by killing the living.


Message History

You throw a boomerang.
The boomerang barely misses the soul eater.
Throw: 38 boomerangs
Press: ? - help, Q - select action, (/) - cycle Shift-Dir - straight line, f/p - soul eater
Aim: a soul eater (76% to hit)
You throw a boomerang.
The boomerang hits the soul eater but does no damage.
Throw: 38 boomerangs
Press: ? - help, Q - select action, (/) - cycle Shift-Dir - straight line, f/p - soul eater
Aim: a soul eater (76% to hit)
You throw a boomerang. The boomerang hits the soul eater!
The soul eater is moderately wounded.
Throw: 38 boomerangs
Press: ? - help, Q - select action, (/) - cycle Shift-Dir - straight line, f/p - soul eater
Aim: a soul eater (moderately wounded, 76% to hit)
You throw a boomerang. The boomerang hits the soul eater!
The soul eater is heavily wounded.
Throw: 38 boomerangs
Press: ? - help, Q - select action, (/) - cycle Shift-Dir - straight line, f/p - soul eater
Aim: a soul eater (heavily wounded, 76% to hit)
You throw a boomerang.
The boomerang hits the soul eater but does no damage.
The soul eater is heavily wounded.
Throw: 38 boomerangs
Press: ? - help, Q - select action, (/) - cycle Shift-Dir - straight line, f/p - soul eater
Aim: a soul eater (heavily wounded, 76% to hit)
You throw a boomerang. The boomerang hits the soul eater!!
The soul eater is almost dead.
You slice the soul eater!!
You kill the soul eater!
Trog accepts your kill.
No target in view!
(D) Dungeon (T) Temple (L) Lair (A) Shoals (P) Snake Pit (M) Slime Pits (O) Orcish Mines (E) Elven Halls (V) Vaults (C) Crypt (U) Depths (H) Hell (Z) Zot
Where to? (Tab/Enter - D:1 @ (x,y), ? - help)
You see here a +0 orcbow.
You see here a +0 flail.
You see here a book of Scorching.
There is a stone staircase leading up here.
You climb upwards.
There is a stone staircase leading down here.
There is a stone staircase leading up here.
You climb upwards.
Level annotation: 1 runed translucent door, CapUranus's ghost, amateur GrFi
There is a stone staircase leading down here.
A rakshasa comes into view. It is wielding a +0 whip.
The rakshasa blinks!
Blink to where?
Press: ? - help, Dir - move target
As you read the scroll of blinking {@r4}, it crumbles to dust.
You climb upwards.
There is a stone staircase leading down here.
(D) Dungeon (T) Temple (L) Lair (A) Shoals (P) Snake Pit (M) Slime Pits (O) Orcish Mines (E) Elven Halls (V) Vaults (C) Crypt (U) Depths (H) Hell (Z) Zot
Where to? (Tab/Enter - D:1 @ (x,y), ? - help)
There is an open door here.
A sun demon comes into view.
Throw: 38 boomerangs
Press: ? - help, Q - select action, (/) - cycle Shift-Dir - straight line, f - sun demon
Aim: a sun demon (72% to hit)
You throw a boomerang. The boomerang hits the sun demon!!
The sun demon is heavily wounded.
Throw: 38 boomerangs
Press: ? - help, Q - select action, (/) - cycle Shift-Dir - straight line, f/p - sun demon
Aim: a sun demon (heavily wounded, 72% to hit)
You throw a boomerang. The boomerang misses the sun demon.
You closely miss the sun demon.
The sun demon is heavily wounded.
You block the sun demon's attack.
You hit the sun demon but do no damage.
The sun demon is heavily wounded.
The sun demon hits you but does no damage.
You slice the sun demon!!
The sun demon looks as sick as possible!
The sun demon is almost dead.
You slice the sun demon!!
You kill the sun demon!
Trog accepts your kill.
No target in view!
(D) Dungeon (T) Temple (L) Lair (A) Shoals (P) Snake Pit (M) Slime Pits (O) Orcish Mines (E) Elven Halls (V) Vaults (C) Crypt (U) Depths (H) Hell (Z) Zot
Where to? (Tab/Enter - D:1 @ (x,y), ? - help)
There is a strange disturbance nearby!
Unknown command.
There is a stone staircase leading up here.
You climb upwards.
There is a stone staircase leading down here.
Blink to where?
Press: ? - help, Dir - move target
As you read the scroll of blinking {@r4}, it crumbles to dust.
Blink to where?
Press: ? - help, Dir - move target
As you read the scroll of blinking {@r4}, it crumbles to dust.
You have escaped!

##.....#####.####.######.#
.....#.# ###...#.......>.#
####.#.# #.............### #†#.#
#..♣♣♣♣♣♣♣♣♣§.# ##.#.#
#.♣..PP..PP♣..# #..#.#
#.♣...P..PP♣..#
#.##.###.♣P...PP..♣..#
#.##.##..♣PP...P..♣.##
#.##.....♣..P.@.PP♣.#
#.#####..♣..PP...P♣.# #.#
#..♣PP..P...♣.# ###
###.#####..♣PP..PP..♣.# #.#
...........♣♣♣♣♣♣♣♣♣..########.#
#####.####............#[.......#
#.............#####.######.#
#############.# #.# ###.# ###
#####.#####.####...#


There were no monsters in sight!

Vanquished Creatures
  2 dread liches (Zot:5)
  2 ancient liches (Vaults:5)
  3 orbs of fire (Zot:5)
  5 Killer Klowns (Zot:5)
  2 curse toes
  A bone dragon (Zot:4)
  8 golden dragons
  2 electric golems
  A Tzitzimitl (Depths:1)
  8 tentacled monstrosities
  3 liches
  Mlioglotl (Snake:2)
  Zenata (Elf:3)
  4 deep elf blademasters (Elf:3)
  3 titans
  18 Orb Guardians
  4 deep elf master archers (Elf:3)
  8 sphinxes
  A tentacled starspawn (WizLab)
  A quicksilver dragon (Zot:5)
  Polyphemus (Shoals:3)
  A kraken (Shoals:2)
  9 death cobs
  8 shadow dragons
  Kirke (D:15)
  12 storm dragons
  7 tengu reavers
  5 nagarajas
  Aizul (Snake:4)
  4 draconian monks
  7 frost giants
  2 draconian knights
  12 fire giants
  5 deep elf sorcerers
  2 draconian scorchers
  4 iron dragons
  2 draconian shifters
  Louise (D:15)
  25 vault wardens
  3 deep elf elementalists (Elf:3)
  A balrug (Depths:1)
  A ghost moth (Zot:2)
  An orc warlord (Orc:1)
  4 demonspawn corrupters (WizLab)
  4 draconian stormcallers
  A formless jellyfish (Vaults:4)
  19 ironbound preservers
  A caustic shrike skeleton (Depths:2)
  14 stone giants
  13 very ugly things
  4 draconian annihilators
  3 vampire knights
  12 ironbound thunderhulks
  A deep elf demonologist (Elf:3)
  6 green draconians
  7 deep elf death magi
  5 deep elf annihilators
  5 purple draconians
  3 yellow draconians
  7 black draconians
  14 red draconians
  A dire elephant (Vaults:1)
  2 war gargoyles (Vaults:5)
  5 white draconians
  4 spark wasps
  13 ettins
  An ettin (shapeshifter) (Vaults:1)
  4 fire dragons
  2 entropy weavers
  2 crystal guardians (Vaults:4)
  3 merfolk javelineers
  7 merfolk impalers
  28 vault guards
  5 deep elf high priests
  Josephine (D:14)
  13 yaktaur captains
  A quicksilver dragon skeleton (Vaults:3)
  2 rakshasas
  3 salamander tyrants (Snake:4)
  10 ice dragons
  5 spriggan air magi
  6 great orbs of eyes
  2 hydras (Lair:5)
  6 boulder beetles
  2 ogre magi (Vaults:5)
  2 sphinx zombies
  3 peacekeepers
  An alligator snapping turtle (Shoals:4)
  A merfolk avatar (Shoals:3)
  13 ironbound frosthearts
  4 merfolk aquamancers
  11 anacondas
  4 catoblepae
  2 death knights (Vaults:2)
  24 centaur warriors
  23 dancing weapons
  3 tengu warriors
  4 occultists
  4 deep troll shamans
  3 satyrs
  7 death yaks
  10 naga warriors
  8 deep troll earth magi
  3 orc high priests
  3 vampire magi
  7 two-headed ogres
  9 shock serpents
  2 spriggan berserkers
  13 naga sharpshooters
  17 hell knights (Depths:2)
  A soul eater (D:5)
  15 deep elf knights
  3 skysharks
  5 sun demons
  8 salamander mystics
  6 iron trolls
  Amaemon (Lair:2)
  A cherub (D:15)
  56 deep trolls
  11 sea snakes
  16 mana vipers
  A skeletal warrior (D:12)
  A sun moth (shapeshifter) (Vaults:5)
  2 sun moths
  2 flayed ghosts (Vaults:5)
  A glowing orange brain (shapeshifter) (Elf:2)
  Lodul (D:14)
  An orb spider (shapeshifter) (Vaults:1)
  8 lindwurms
  7 naga ritualists
  12 arcanists
  17 deep elf archers
  5 glowing orange brains
  2 spriggan druids (WizLab)
  4 phantasmal warriors (Vaults:5)
  23 deep elf pyromancers
  A kraken simulacrum (Shoals:4)
  8 necromancers
  4 orc knights
  19 ironbound convokers
  An orc sorcerer (Orc:2)
  38 ugly things
  14 salamanders
  15 deep elf zephyrmancers
  14 harpies
  24 fauns
  A tengu skeleton (Vaults:5)
  A shining eye (shapeshifter) (Vaults:1)
  Maurice (D:8)
  11 moths of wrath
  7 cyclopes
  16 manticores
  A cyclops (shapeshifter) (Vaults:5)
  5 worldbinders (WizLab)
  A water nymph (shapeshifter) (Vaults:1)
  3 meliai (D:13)
  7 guardian serpents (Snake:4)
  A kobold blastminer (Orc:1)
  4 water nymphs
  Joseph (D:8)
  18 vault sentinels
  A meliai (shapeshifter) (D:14)
  39 black mambas
  A fire giant skeleton (Vaults:1)
  13 naga magi
  5 elephants (Lair:3)
  A torpor snail (shapeshifter) (Vaults:5)
  An orange demon (Lair:2)
  An unseen horror (D:12)
  2 spriggan zombies (Depths:2)
  9 cane toads
  7 merfolk sirens
  Jeremiah (D:7)
  Maggie (Lair:1)
  An unseen horror (shapeshifter) (Elf:2)
  3 kobold demonologists
  An efreet (D:15)
  8 komodo dragons
  6 freezing wraiths
  7 rime drakes
  54 yaktaurs
  4 human skeletons
  2 red devils
  A yaktaur (shapeshifter) (Vaults:5)
  A yaktaur skeleton (Vaults:4)
  2 tengu conjurers
  6 polar bears
  A queen bee (shapeshifter) (Vaults:5)
  2 hornets
  Grinder (D:5)
  15 blink frogs
  8 trolls
  A troll (shapeshifter) (Vaults:1)
  18 merfolk
  A tarantella (shapeshifter) (D:14)
  7 dream sheep (Shoals:3)
  7 wind drakes
  A glass eye (Shoals:2)
  7 snapping turtles
  30 slime creatures
  A jumping spider (Orc:1)
  3 air elementals (Elf:1)
  2 shadows
  3 vampires
  A wyvern (Lair:4)
  51 yaks
  6 wraiths
  7 golden eyes
  5 fire elementals
  16 water elementals
  4 basilisks
  5 wargs
  4 vampire mosquitoes (D:13)
  A steam dragon (Lair:3)
  3 hogs (D:15)
  8 redbacks (Elf:3)
  A harpy simulacrum (D:14)
  Edmund (D:5)
  A two-headed ogre zombie (D:11)
  2 acid dragons
  3 hell hounds (D:13)
  2 glowing shapeshifter skeletons
  13 water moccasins
  36 nagas
  A sky beast (shapeshifter) (D:14)
  30 orc warriors
  A meliai simulacrum (D:14)
  4 laughing skulls
  4 black bears
  2 ice beasts
  2 sky beasts
  11 ogres
  2 boggarts (Vaults:1)
  15 wolves
  10 centaurs
  3 phantoms
  5 elf zombies (Ossuary)
  3 kobold brigands
  A weeping skull (Ossuary)
  4 scorpions
  13 bullfrogs
  3 earth elementals
  4 wights (D:8)
  A troll zombie (D:11)
  9 howler monkeys
  13 electric eels
  4 human zombies
  A gnoll bouda (D:5)
  9 hounds
  A bombardier beetle (D:5)
  16 orc priests
  4 jellies
  4 iguanas
  A sleepcap (D:6)
  27 orc wizards
  A bullfrog simulacrum (Ossuary)
  6 ogre zombies (D:11)
  3 mummies (Ossuary)
  17 gnolls
  12 adders
  2 shadow imps (D:7)
  A white imp (D:7)
  7 adder zombies (Ossuary)
  6 dart slugs
  2 ribbon worms
  86 orcs
  12 endoplasms
  3 giant cockroaches
  5 goblins
  5 hobgoblins (D:2)
  9 jackals
  14 kobolds
  2 quokkas
  2 ball pythons
  A ball python zombie (Ossuary)
  5 bats
  2 frilled lizards
  3 gnoll skeletons (D:11)
  6 gnoll zombies
  A goblin zombie (D:6)
  3 jackal zombies (Ossuary)
  8 kobold zombies (Ossuary)
  2 orc skeletons (D:11)
  18 orc zombies
  A quokka zombie (D:6)
  7 rats
  A starspawn tentacle (WizLab)
  4 tentacles
1972 creatures vanquished.

Vanquished Creatures (collateral kills)
  Mara (Snake:3)
  An electric golem (Zot:5)
  A lich (Vaults:5)
  A deep elf blademaster (Elf:2)
  3 Orb Guardians (Zot:5)
  A deep elf master archer (Elf:3)
  A nagaraja (Snake:4)
  A frost giant (D:13)
  A stone giant (Shoals:2)
  A deep elf annihilator (Elf:3)
  Azrael (D:13)
  A merfolk javelineer (Shoals:4)
  An ettin (D:13)
  A merfolk impaler (Shoals:4)
  A salamander tyrant (Snake:4)
  3 centaur warriors (Vaults:1)
  An anaconda (Snake:2)
  Erica (Lair:2)
  An alligator snapping turtle (Shoals:4)
  A two-headed ogre (D:10)
  A naga warrior (Snake:4)
  A tengu warrior (D:15)
  Urug (Lair:1)
  2 sun demons (Depths:1)
  3 dancing weapons (Elf:2)
  3 skeletal warriors (D:12)
  A sun moth (Shoals:3)
  An arcanist (D:13)
  3 harpies
  A deep elf pyromancer (Elf:2)
  3 fauns
  5 cyclopes
  A merfolk siren (Shoals:3)
  A vault sentinel (Vaults:2)
  A smoke demon (Depths:1)
  2 kobold demonologists (D:9)
  Psyche (D:8)
  A merfolk (Shoals:4)
  A troll (D:13)
  A wind drake (Shoals:4)
  A dream sheep (Shoals:3)
  A snapping turtle (Shoals:3)
  3 yaks
  2 orc warriors
  A centaur (D:9)
  A kobold brigand (D:9)
  An orc wizard (Orc:2)
  2 orcs (D:10)
70 creatures vanquished.

Vanquished Creatures (others)
  A storm dragon (Zot:1)
  A draconian knight (Zot:5)
  A yellow draconian (Zot:2)
  An ice dragon (Depths:2)
  A centaur warrior (Vaults:1)
  A dancing weapon (Vaults:5)
  2 occultists
  A shock serpent (shapeshifter) (Vaults:1)
  A salamander mystic (Snake:2)
  A naga ritualist (Snake:3)
  A deep elf zephyrmancer (Elf:1)
  A faun (Shoals:2)
  A worldbinder (WizLab)
  A human zombie (Vaults:2)
  A redback (shapeshifter) (Vaults:1)
  2 water elementals
  An acid dragon (Zot:4)
  An ogre (Vaults:5)
  A boggart (Vaults:1)
  A bombardier beetle (D:5)
  2 starspawn tentacles (WizLab)
  12 tentacles
36 creatures vanquished.

Grand Total: 2078 creatures vanquished

Notes
Turn   | Place    | Note
-------+----------+-------------------------------------------
     0 | D:1      | EnegeticOcto the Ghoul Berserker began the quest for the
                  | Orb.
     0 | D:1      | Reached XP level 1. HP: 19/19 MP: 1/1
   312 | D:1      | Reached skill level 3 in Axes
   312 | D:1      | Reached XP level 2. HP: 26/26 MP: 2/2
   944 | D:1      | Reached XP level 3. HP: 33/33 MP: 3/3
  1055 | D:2      | Found a sacrificial altar of Ru.
  1258 | D:2      | Reached skill level 4 in Fighting
  1328 | D:2      | Reached ** piety under Trog
  1329 | D:2      | Reached XP level 4. HP: 38/40 MP: 4/4
  1352 | D:2      | Reached skill level 4 in Axes
  1791 | D:3      | Noticed a phantom
  1816 | D:3      | HP: 2/41 [phantom (7)]
  2007 | D:3      | Reached XP level 5. HP: 42/47 MP: 5/5
  2142 | D:3      | Found a runed translucent door.
  2196 | D:3      | Noticed CapUranus's ghost (amateur GrFi)
  2324 | D:3      | Killed a phantom
  2579 | D:3      | Reached skill level 5 in Axes
  3004 | D:4      | Reached XP level 6. HP: 17/55 MP: 6/6
  3012 | D:4      | Reached skill level 5 in Fighting
  3557 | D:4      | Reached XP level 7. HP: 44/61 MP: 7/7
  3687 | D:4      | Found a sparkling altar of Nemelex Xobeh.
  3688 | D:4      | Found a broken altar of Ashenzari.
  3741 | D:4      | Reached skill level 6 in Axes
  4126 | D:4      | Reached skill level 6 in Fighting
  4685 | D:5      | Entered Level 5 of the Dungeon
  4863 | D:5      | Reached skill level 7 in Axes
  5069 | D:5      | Reached *** piety under Trog
  5129 | D:5      | Noticed Edmund
  5142 | D:5      | Reached XP level 8. HP: 56/71 MP: 8/8
  5392 | D:5      | Reached skill level 1 in Maces & Flails
  5584 | D:5      | Noticed Grinder
  5603 | D:5      | Reached skill level 7 in Fighting
  5606 | D:5      | Killed Grinder
  5607 | D:5      | Reached skill level 2 in Maces & Flails
  5737 | D:5      | Found a hide-covered altar of Uskayaw.
  5740 | D:5      | Noticed a +0 dagger
  5740 | D:5      | Noticed a +0 dagger
  6244 | D:5      | Reached skill level 3 in Maces & Flails
  6244 | D:5      | Reached skill level 1 in Shields
  7273 | D:5      | Killed Edmund
  7274 | D:5      | Reached skill level 8 in Fighting
  7274 | D:5      | Reached skill level 2 in Shields
  7274 | D:5      | Reached XP level 9. HP: 46/81 MP: 9/9
  7423 | D:5      | Found a hide-covered altar of Uskayaw.
  7706 | D:6      | Reached skill level 4 in Maces & Flails
  7719 | D:6      | Noticed a two-headed ogre
  7735 | D:6      | Killed a two-headed ogre
  7736 | D:6      | Reached skill level 5 in Maces & Flails
  7736 | D:6      | Reached skill level 4 in Shields
  7844 | D:6      | Found a sand-covered staircase.
  7917 | Ossuary  | Entered an ossuary
  8040 | Ossuary  | Reached skill level 8 in Axes
  8104 | Ossuary  | Reached **** piety under Trog
  8115 | Ossuary  | Reached skill level 5 in Shields
  8252 | Ossuary  | Reached skill level 9 in Axes
  8579 | D:6      | Found a staircase to the Ecumenical Temple.
  8748 | D:6      | Reached XP level 10. HP: 88/88 MP: 10/10
  9078 | D:7      | Reached skill level 10 in Axes
  9332 | D:7      | Noticed Jeremiah
  9376 | D:7      | Killed Jeremiah
  9625 | D:7      | Reached skill level 11 in Axes
 10075 | D:7      | Reached skill level 12 in Axes
 10147 | D:8      | Noticed Joseph
 10158 | D:8      | Reached ***** piety under Trog
 10173 | D:8      | Killed Joseph
 10501 | D:8      | Reached skill level 13 in Axes
 10532 | D:8      | Noticed Psyche
 10545 | D:8      | Killed Psyche
 10629 | D:8      | Noticed Maurice
 10646 | D:8      | Something stole 309 gold
 10657 | D:8      | Killed Maurice
 10767 | D:8      | Found a shimmering blue altar of Sif Muna.
 10835 | D:8      | Found a staircase to the Lair.
 10839 | D:8      | HP: 1/88 [electric eel/bolt of electricity (8)]
 12507 | D:8      | Reached skill level 14 in Axes
 12507 | D:8      | Reached XP level 11. HP: 50/94 MP: 11/11
 13468 | D:9      | Found Lomn's Hydra Hut.
 13470 | D:9      | Noticed an eight-headed hydra
 13474 | D:9      | Bought a +0 broad axe of flaming for 156 gold pieces
 13675 | D:9      | Reached skill level 15 in Axes
 14028 | D:10     | Entered Level 10 of the Dungeon
 14211 | D:10     | Found an ornate altar of the Wu Jian Council.
 14351 | D:10     | Found an iron altar of Okawaru.
 14352 | D:10     | Noticed a two-headed ogre
 14373 | D:10     | Killed a two-headed ogre
 14374 | D:10     | Reached skill level 2 in Armour
 14374 | D:10     | Reached skill level 1 in Evocations
 14689 | D:10     | Noticed a two-headed ogre
 14701 | D:10     | Killed a two-headed ogre
 14784 | D:10     | Reached skill level 2 in Evocations
 14867 | D:11     | Noticed a red ugly thing
 14872 | D:11     | Killed a red ugly thing
 14873 | D:11     | Reached skill level 3 in Armour
 14890 | D:11     | Found a staircase to the Orcish Mines.
 15402 | D:11     | Reached XP level 12. HP: 103/103 MP: 12/12
 15613 | D:11     | Reached skill level 3 in Evocations
 15649 | D:11     | Reached skill level 9 in Fighting
 15908 | D:11     | Received a gift from Trog
 15909 | D:11     | Reached skill level 4 in Armour
 16349 | Lair:1   | Entered Level 1 of the Lair of Beasts
 16591 | Lair:1   | Reached skill level 4 in Evocations
 16607 | Lair:1   | Noticed Maggie
 16620 | Lair:1   | Killed Maggie
 16728 | Lair:1   | Noticed Urug
 16753 | Lair:1   | Killed Urug
 16754 | Lair:1   | Reached skill level 5 in Armour
 16929 | Lair:1   | Reached skill level 10 in Fighting
 17424 | Lair:1   | Reached skill level 16 in Axes
 17721 | Lair:2   | Found a staircase to the Snake Pit.
 17728 | Lair:2   | Reached skill level 6 in Armour
 18390 | Lair:2   | Noticed a boulder beetle
 18460 | Lair:2   | Killed a boulder beetle
 18694 | Lair:2   | You fall into a shaft and drop 1 floor!
 18712 | Lair:2   | Noticed Erica
 18725 | Lair:2   | Killed Erica
 18726 | Lair:2   | Reached XP level 13. HP: 78/113 MP: 13/13
 18876 | Lair:2   | Found a staircase to the Shoals.
 18946 | Lair:2   | Reached skill level 7 in Armour
 19004 | Lair:2   | Noticed Amaemon
 19020 | Lair:2   | Killed Amaemon
 19489 | Lair:3   | Found a transporter.
 19536 | Lair:3   | Found a transporter.
 19554 | Lair:3   | Found a bloodstained altar of Trog.
 19588 | Lair:3   | Reached skill level 8 in Armour
 19793 | Lair:3   | Reached skill level 17 in Axes
 19914 | Lair:3   | Noticed confidenceinterval's ghost (journeyman GnWn)
 20176 | Lair:3   | Found a blossoming altar of Fedhas.
 20604 | Lair:4   | Reached skill level 2 in Dodging
 21269 | Lair:4   | Found a staircase to the Slime Pits.
 21615 | Lair:5   | Entered Level 5 of the Lair of Beasts
 21627 | Lair:4   | Reached skill level 3 in Dodging
 21669 | Lair:5   | Reached skill level 9 in Armour
 21856 | Lair:5   | Received a gift from Trog
 22001 | Lair:5   | Reached skill level 4 in Dodging
 22207 | Lair:5   | Reached XP level 14. HP: 113/121 MP: 14/14
 22245 | Lair:5   | Identified the +0 leather armour "Ciniskuc" {rC- Int+4
                  | Dex+2}
 22748 | Lair:5   | Reached skill level 1 in Stealth
 22795 | Lair:5   | Reached skill level 5 in Dodging
 22795 | Lair:5   | Reached skill level 2 in Stealth
 22834 | Lair:5   | Reached skill level 3 in Stealth
 22840 | Lair:5   | Reached skill level 10 in Armour
 23223 | Lair:5   | Reached skill level 4 in Stealth
 23717 | D:12     | Reached skill level 5 in Stealth
 23733 | D:12     | Found a transporter.
 24745 | Orc:1    | Entered Level 1 of the Orcish Mines
 24909 | Orc:2    | Entered Level 2 of the Orcish Mines
 26269 | Orc:2    | Noticed Nessos
 26274 | Orc:2    | Nessos changed into Nessos the sun moth
 26274 | Orc:2    | Noticed Nessos
 26292 | Orc:2    | Killed Nessos the sun moth
 26293 | Orc:2    | Reached skill level 6 in Shields
 26410 | Orc:2    | Found Gigras's Book Emporium.
 26465 | Orc:2    | Found a staircase to the Elven Halls.
 26581 | Orc:2    | Found Tavierro's Distillery.
 26607 | Orc:2    | Bought a potion of heal wounds for 65 gold pieces
 26607 | Orc:2    | Bought a potion of heal wounds for 65 gold pieces
 26691 | Orc:2    | Noticed an orc warlord
 27161 | Orc:1    | Killed an orc warlord
 27162 | Orc:1    | Reached skill level 11 in Fighting
 27217 | Orc:2    | Received a gift from Trog
 27490 | Orc:2    | Found Zorofyic's Magic Scroll Shoppe.
 27659 | Orc:2    | Found Uqaddish's Antique Armour Emporium.
 27661 | Orc:2    | Found Seghas's Antique Weapon Shoppe.
 27674 | Orc:2    | Bought a slimy cloak for 285 gold pieces
 27674 | Orc:2    | Identified the +1 cloak "Saddilun" {rF+} (You bought it in
                  | a shop on level 2 of the Orcish Mines)
 27725 | Orc:2    | Bought a scroll of teleportation for 45 gold pieces
 27725 | Orc:2    | Bought a scroll of enchant weapon for 112 gold pieces
 27725 | Orc:2    | Bought a scroll of enchant weapon for 112 gold pieces
 27725 | Orc:2    | Bought a scroll of fog for 60 gold pieces
 27777 | Orc:2    | Bought a potion of ambrosia for 104 gold pieces
 27777 | Orc:2    | Bought a potion of haste for 130 gold pieces
 27777 | Orc:2    | Bought a potion of might for 52 gold pieces
 27777 | Orc:2    | Bought a potion of haste for 130 gold pieces
 27777 | Orc:2    | Bought a potion of might for 52 gold pieces
 28090 | D:13     | Reached XP level 15. HP: 130/130 MP: 15/15
 28092 | D:13     | Reached skill level 11 in Armour
 28103 | D:13     | Found a gate to the Vaults.
 28200 | D:13     | Reached skill level 7 in Shields
 28288 | D:13     | Reached skill level 1 in Throwing
 28512 | D:13     | Noticed Azrael
 28585 | D:13     | Killed Azrael
 29029 | D:14     | Noticed Josephine
 29417 | D:14     | Noticed a frost giant
 29417 | D:14     | Found the +8 frozen axe "Frostbite" {freeze, freezing
                  | cloud, *Noise Fly rC+}
 29574 | D:13     | Killed a frost giant
 29811 | D:14     | Killed Josephine
 30036 | D:14     | Noticed Lodul
 30044 | D:14     | Killed Lodul
 30179 | D:14     | You are sucked into a shaft and drop 1 floor!
 30179 | D:15     | Entered Level 15 of the Dungeon
 30242 | D:15     | Noticed Kirke
 30243 | D:15     | Noticed Louise
 30252 | D:15     | Reached skill level 5 in Evocations
 30252 | D:15     | Killed Kirke
 30253 | D:15     | Reached skill level 12 in Fighting
 30263 | D:15     | Killed Louise
 30364 | D:15     | Found a bloodstained altar of Trog.
 30511 | D:15     | Found a broken altar of Ashenzari.
 30632 | D:15     | Found a runed translucent door.
 30632 | D:15     | Noticed Asuwn's ghost (adept GrEE)
 30852 | D:15     | Reached skill level 2 in Throwing
 30921 | D:15     | Found a staircase to the Depths.
 31677 | D:14     | Found Zitem's Distillery.
 31686 | D:14     | Bought a potion of heal wounds for 85 gold pieces
 31686 | D:14     | Bought a potion of enlightenment for 85 gold pieces
 31686 | D:14     | Bought a potion of cancellation for 136 gold pieces
 31686 | D:14     | Bought a potion of cancellation for 136 gold pieces
 32003 | Snake:1  | Entered Level 1 of the Snake Pit
 32032 | Snake:1  | Reached skill level 3 in Throwing
 32032 | Snake:1  | Reached skill level 8 in Shields
 32047 | Snake:1  | Reached skill level 6 in Evocations
 32258 | Snake:1  | Reached XP level 16. HP: 114/141 MP: 16/16
 32376 | Snake:1  | Reached skill level 12 in Armour
 32403 | Snake:1  | Found Plog's Armour Shoppe.
 32404 | Snake:1  | Found Bonguj's Book Shoppe.
 32404 | Snake:1  | Found Doylepp's Magic Scroll Emporium.
 32418 | Snake:1  | Found Coxzigee's Jewellery Emporium.
 32489 | Snake:1  | Identified the +1 helmet of the Bull {^Drain rElec rC+}
 32651 | Snake:1  | Found Usomeogac's Weapon Shoppe.
 32656 | Snake:1  | Identified the +0 leather armour of the Morning {rElec
                  | Regen+ Dex-5 SInv}
 32804 | Snake:1  | Reached skill level 4 in Throwing
 32820 | Snake:1  | Received a gift from Trog
 33165 | Snake:2  | Reached skill level 13 in Fighting
 33412 | Snake:2  | Noticed Mlioglotl
 33417 | Snake:2  | Killed Mlioglotl
 33748 | Snake:2  | Reached skill level 7 in Evocations
 33877 | Snake:2  | Noticed a nagaraja
 33890 | Snake:2  | Killed a nagaraja
 34188 | Snake:3  | Found a shadowy altar of Dithmenos.
 34315 | Snake:3  | Reached skill level 9 in Shields
 34325 | Snake:3  | Reached skill level 5 in Throwing
 34643 | Snake:3  | Noticed a nagaraja
 34663 | Snake:3  | Killed a nagaraja
 34663 | Snake:3  | Received a gift from Trog
 34898 | Snake:4  | Entered Level 4 of the Snake Pit
 34915 | Snake:4  | Noticed Mara
 34931 | Snake:3  | Noticed EnegeticOcto's illusion
 34934 | Snake:3  | Killed Mara
 34935 | Snake:3  | Reached skill level 1 in Invocations
 35237 | Snake:4  | Identified the serpent talisman "Jinyacodgh" {rCorr}
 35237 | Snake:4  | Noticed Aizul
 35270 | Snake:4  | Killed Aizul
 35361 | Snake:4  | Reached XP level 17. HP: 151/151 MP: 16/18
 35428 | Snake:1  | Bought the ring "Xosm" {Int+2 Dex+3 Slay+4} for 1050 gold
                  | pieces
 35506 | Snake:4  | Reached skill level 2 in Invocations
 35555 | Snake:4  | Reached skill level 6 in Throwing
 35772 | Snake:4  | Reached skill level 8 in Evocations
 35787 | Snake:4  | Reached skill level 3 in Invocations
 35948 | Snake:4  | Reached skill level 13 in Armour
 36001 | Snake:4  | Reached skill level 14 in Fighting
 36036 | Snake:4  | Identified the +6 war axe "Pomevuwe" {flame, +Blink} (Trog
                  | gifted it to you on level 4 of the Snake Pit)
 36036 | Snake:4  | Received a gift from Trog
 36410 | Snake:4  | Reached skill level 4 in Invocations
 36628 | Snake:4  | Reached skill level 10 in Shields
 36897 | Snake:4  | Reached skill level 7 in Throwing
 37151 | Snake:4  | Reached skill level 5 in Invocations
 37204 | Snake:4  | Got a serpentine rune of Zot
 37491 | Shoals:1 | Entered Level 1 of the Shoals
 37503 | Shoals:1 | Identified the +1 pair of gloves "Ejiukum" {+Blink Dex+2}
 37513 | Shoals:1 | Reached ****** piety under Trog
 37642 | Shoals:1 | Reached XP level 18. HP: 151/161 MP: 20/22
 37834 | Shoals:1 | Reached skill level 9 in Evocations
 37855 | Shoals:1 | Received a gift from Trog
 38399 | Shoals:2 | Reached skill level 6 in Invocations
 38997 | Shoals:2 | Reached skill level 15 in Fighting
 38997 | Shoals:2 | Reached skill level 8 in Throwing
 39210 | Shoals:3 | Reached skill level 11 in Shields
 39217 | Shoals:3 | Received a gift from Trog
 39366 | Shoals:3 | Identified the +0 quarterstaff "Feen Iro" {freeze, ^Contam
                  | rF+++ rN++ SInv}
 39489 | Shoals:3 | Found a runed translucent gate.
 39490 | Shoals:3 | Found a runed translucent gate.
 39490 | Shoals:3 | Found an opulent altar of Gozag.
 39491 | Shoals:3 | Found a runed translucent gate.
 39492 | Shoals:3 | Noticed ratatoskos's ghost (adept DjHW)
 39493 | Shoals:3 | Found Joamutet's Assorted Antiques.
 39516 | Shoals:3 | Reached skill level 7 in Invocations
 39639 | Shoals:3 | Noticed Polyphemus
 39669 | Shoals:3 | Killed Polyphemus
 39787 | Shoals:3 | Reached skill level 14 in Armour
 40055 | Shoals:4 | Entered Level 4 of the Shoals
 40608 | Shoals:4 | Received a gift from Trog
 40654 | Shoals:4 | Reached skill level 8 in Invocations
 40840 | Shoals:4 | Reached XP level 19. HP: 170/170 MP: 25/25
 40939 | Shoals:4 | Reached skill level 9 in Throwing
 41204 | Shoals:4 | Got a barnacled rune of Zot
 42114 | Elf:1    | Entered Level 1 of the Elven Halls
 42296 | Elf:1    | Paralysed by an air elemental for 1 turns
 42646 | Elf:1    | Reached skill level 16 in Fighting
 42792 | Elf:1    | Reached skill level 9 in Invocations
 42888 | Elf:1    | Reached skill level 12 in Shields
 43089 | Elf:1    | Paralysed by an air elemental for 1 turns
 43274 | Elf:1    | Found Cerch's Distillery.
 43284 | Elf:1    | Bought a potion of enlightenment for 75 gold pieces
 43284 | Elf:1    | Bought a potion of enlightenment for 75 gold pieces
 44300 | Elf:2    | Received a gift from Trog
 44350 | Elf:2    | Identified a scroll of acquirement
 44351 | Elf:2    | Acquired 683 gold pieces
 44380 | Elf:2    | Found Anoit's Antique Weapon Boutique.
 44480 | Elf:2    | Found a runed translucent gate.
 44482 | Elf:2    | Found a runed translucent gate.
 44482 | Elf:2    | Found a runed translucent gate.
 44860 | Elf:2    | Reached skill level 10 in Throwing
 45240 | Elf:2    | Reached skill level 10 in Invocations
 45244 | Elf:2    | Reached skill level 15 in Armour
 45443 | Elf:3    | Entered Level 3 of the Elven Halls
 45906 | Elf:3    | Reached XP level 20. HP: 182/182 MP: 27/27
 47049 | Elf:3    | Noticed Zenata
 47060 | Elf:3    | Killed Zenata
 47822 | Elf:3    | Identified the amulet "Tuejuno" {Reflect rC+ rN+ SH+5}
 47841 | Elf:3    | Identified the +2 flail "Jiett" {freeze, Will++}
 47846 | Elf:3    | Identified the ring "Xugeuh" {rPois rF+ rCorr}
 48056 | Elf:3    | Reached skill level 17 in Fighting
 48058 | Elf:3    | Identified the +8 short sword "Rolang" {freeze, rPois rF++
                  | Dex+6}
 48682 | Elf:3    | Reached skill level 11 in Invocations
 48709 | Elf:3    | Identified the +10 longbow of Tazal {freeze, Int+7 SInv}
 48709 | Elf:3    | Identified the +5 orcbow "Maut" {drain, *Slow Will+ Str+8
                  | Int-4}
 48709 | Elf:3    | Identified the ring "Semy" {rElec Will+ EV+5}
 48739 | Elf:3    | Received a gift from Trog
 48740 | Elf:3    | Reached skill level 11 in Throwing
 49367 | Elf:3    | Identified the staff "Temmotwapse" {*Slow rF+ rN+ MP+9 Summ
                  | Fire}
 49414 | Elf:3    | Identified the ring of Nobulep {rF- rC- Str+7 Dex+6}
 49424 | Elf:3    | Identified the amulet of Efunaxkoest {RegenMP rF- Int+3
                  | Dex+4}
 49752 | Snake:1  | Bought a manual of Dodging for 1360 gold pieces
 49758 | Snake:1  | Bought a scroll of teleportation for 48 gold pieces
 49758 | Snake:1  | Bought a scroll of teleportation for 48 gold pieces
 49758 | Snake:1  | Bought a scroll of torment for 152 gold pieces
 50019 | D:14     | Bought a potion of might for 68 gold pieces
 50131 | Vaults:1 | Entered Level 1 of the Vaults
 50198 | Vaults:1 | Identified the +3 robe of Mybbief {^Contam Harm rPois
                  | rN+++}
 50204 | Vaults:1 | You fall into a shaft and drop 1 floor!
 50299 | Vaults:2 | Reached skill level 6 in Dodging
 50446 | Vaults:2 | Found a staircase to the Crypt.
 50633 | Vaults:2 | Reached skill level 7 in Dodging
 50699 | Vaults:2 | Found Kikig's Assorted Antiques.
 50727 | Vaults:2 | Found a flickering gateway to a bazaar.
 50743 | Bazaar   | Entered a bazaar
 50743 | Bazaar   | Found Bacsodd's Distillery.
 50743 | Bazaar   | Found Ruraad's General Store.
 50764 | Bazaar   | Found Fuiph's Antique Weapon Emporium.
 50772 | Bazaar   | Found Ynanecwi's Antique Armour Emporium.
 50783 | Bazaar   | Found Edigg's Book Boutique.
 50834 | Bazaar   | Bought an encrusted cloak for 180 gold pieces
 50834 | Bazaar   | Identified the +0 cloak of the Blind Marksman {Str+4} (You
                  | bought it in a shop in a bazaar)
 50873 | Vaults:2 | Received a gift from Trog
 50886 | Vaults:2 | Reached XP level 21. HP: 129/192 MP: 17/29
 51182 | Vaults:2 | Found Eveigypn's Antique Armour Boutique.
 51472 | Vaults:2 | Found a runed translucent door.
 51472 | Vaults:2 | Noticed AgonHex's ghost (veteran HOFi)
 51655 | Vaults:1 | Reached skill level 12 in Invocations
 51845 | Vaults:1 | Reached skill level 8 in Dodging
 51851 | Vaults:1 | Reached skill level 16 in Armour
 52056 | Vaults:1 | Reached skill level 12 in Throwing
 52066 | Vaults:1 | Reached skill level 18 in Fighting
 52196 | Vaults:1 | Received a gift from Trog
 52197 | Vaults:1 | Reached skill level 9 in Dodging
 52701 | Vaults:1 | Identified the +2 dagger of Inconvenience {flame, rN+ Str+4
                  | Int+2 Dex+2}
 52975 | Vaults:1 | Found Isyrchato's General Store.
 52992 | Vaults:1 | Bought a scroll of fear for 64 gold pieces
 53279 | Vaults:3 | Identified the +8 war axe "Suolud" {antimagic, rC+ Str+2
                  | Int-5 Dex+3} (Trog gifted it to you on level 3 of the
                  | Vaults)
 53279 | Vaults:3 | Received a gift from Trog
 53280 | Vaults:3 | Reached skill level 13 in Invocations
 53281 | Vaults:3 | Reached skill level 10 in Dodging
 54408 | Vaults:4 | Identified the ring "Mofeu" {rPois Will+ Str+2 Int+6 Dex-2}
 54430 | Vaults:4 | Reached XP level 22. HP: 204/204 MP: 32/32
 54466 | Vaults:4 | Reached skill level 13 in Throwing
 54540 | Vaults:4 | Received a gift from Trog
 54720 | Vaults:4 | Reached skill level 19 in Fighting
 54729 | Vaults:4 | Reached skill level 14 in Invocations
 55117 | Vaults:4 | Identified the ring of Uviprous {rF+ rCorr Dex+2 Stlth+}
 55985 | Depths:1 | Entered Level 1 of the Depths
 56150 | Depths:1 | Identified the +4 war axe of Massacring {heavy, Str+4
                  | Dex+2} (Trog gifted it to you on level 1 of the Depths)
 56150 | Depths:1 | Received a gift from Trog
 56228 | Depths:1 | Reached skill level 15 in Invocations
 56508 | Depths:1 | Found a one-way gate to the infinite horrors of the Abyss.
 56521 | Depths:1 | Found a gateway to Hell.
 56743 | Depths:2 | Reached skill level 14 in Throwing
 56937 | Depths:2 | Reached skill level 20 in Fighting
 57320 | Depths:2 | Reached XP level 23. HP: 176/215 MP: 24/34
 57369 | Depths:2 | Reached skill level 16 in Invocations
 57560 | Depths:2 | Received a gift from Trog
 57691 | Depths:2 | Noticed a golden dragon
 57702 | Depths:2 | Killed a golden dragon
 57715 | Depths:2 | Reached skill level 15 in Throwing
 57969 | Depths:2 | Identified the +10 dagger of Gegoilin {freeze, Str+4}
 57970 | Depths:2 | Found a one-way gate leading to the halls of Pandemonium.
 58173 | Depths:3 | Found a magical portal.
 58185 | WizLab   | Entered Alistair's Party Mansion
 58283 | WizLab   | Identified the +3 battleaxe of Cugaiz {antimagic, rC+ Will+
                  | rCorr Str+7 Dex-3} (Trog gifted it to you in a wizard's
                  | laboratory)
 58283 | WizLab   | Received a gift from Trog
 58416 | WizLab   | Reached skill level 17 in Invocations
 58754 | WizLab   | Acquired the +8 crystal plate armour "Meuruonixt" {+Inv
                  | rPois}
 58886 | WizLab   | Noticed a golden dragon
 59341 | Depths:3 | Found a one-way gateway to a ziggurat.
 59367 | Depths:3 | Received a gift from Trog
 59993 | Depths:4 | Entered Level 4 of the Depths
 60021 | Depths:4 | Reached skill level 11 in Dodging
 60232 | Depths:4 | Found a radiant altar of Vehumet.
 60290 | Depths:4 | Reached skill level 16 in Throwing
 60574 | Depths:4 | Reached XP level 24. HP: 191/224 MP: 31/35
 60752 | Depths:4 | Found Ewuirghuq's Assorted Antiques.
 60761 | Depths:4 | Bought a scroll of enchant weapon for 232 gold pieces
 60761 | Depths:4 | Bought a potion of haste for 310 gold pieces
 60761 | Depths:4 | Bought a scroll of summoning for 294 gold pieces
 60818 | Depths:4 | Reached skill level 12 in Dodging
 61010 | Depths:4 | Found a gate to the Realm of Zot.
 61284 | Vaults:5 | Entered Level 5 of the Vaults
 61313 | Vaults:5 | Received a gift from Trog
 61314 | Vaults:5 | Reached skill level 18 in Invocations
 61399 | Vaults:5 | Identified the +5 scale mail of Twilight {Str+6}
 61404 | Vaults:5 | Reached skill level 17 in Armour
 61428 | Vaults:5 | Identified the +4 sling of Valour {drain, Dex+2}
 61491 | Vaults:5 | Received a gift from Trog
 61512 | Vaults:5 | Reached skill level 19 in Invocations
 61839 | Vaults:5 | Noticed an ancient lich
 61842 | Vaults:5 | Noticed an ancient lich
 61862 | Vaults:5 | Killed an ancient lich
 61863 | Vaults:5 | Reached skill level 18 in Armour
 61875 | Vaults:5 | Killed an ancient lich
 61875 | Vaults:5 | Received a gift from Trog
 61920 | Vaults:5 | Reached skill level 20 in Invocations
 62099 | Vaults:5 | Identified the +6 shortbow of the World {drain, rElec rF-
                  | Dex+3 SInv}
 62230 | Vaults:5 | Got a silver rune of Zot
 62429 | Vaults:5 | Identified the ring of Ru's Supremacy {Fire Slay+3}
 62646 | Vaults:5 | Reached XP level 25. HP: 210/231 MP: 34/37
 62930 | Vaults:5 | Identified the +0 helmet of the Durable God {rElec rC+ MP-9
                  | Stlth+}
 63090 | Vaults:5 | Identified the +6 shortbow "Runu" {elec, Fly rPois}
 63127 | Vaults:5 | Identified the +0 helmet "Dotzelagh" {rPois Will- rCorr
                  | Str+6}
 63179 | Vaults:5 | Identified the +10 war axe of Death {holy, rF+ Will+ rCorr
                  | Int-4}
 63305 | Vaults:5 | Identified the +4 quarterstaff "Sunoded" {flame, ^Fragile
                  | rN+ rCorr Dex+6}
 63311 | Vaults:5 | Identified the +0 chain mail "Kepicow" {-Cast Will++ rCorr}
 63612 | Zot:1    | Entered Level 1 of the Realm of Zot
 63669 | Depths:4 | Bought a scroll of revelation for 232 gold pieces
 63669 | Depths:4 | Bought a scroll of fog for 124 gold pieces
 63669 | Depths:4 | Bought a scroll of silence for 294 gold pieces
 63810 | Zot:1    | Identified the +8 hand axe "Corr" {heavy, rPois} (Trog
                  | gifted it to you on level 1 of the Realm of Zot)
 63810 | Zot:1    | Received a gift from Trog
 64628 | Zot:2    | Reached skill level 19 in Armour
 64628 | Zot:2    | Reached skill level 13 in Dodging
 65459 | Zot:4    | Found a radiant altar of Vehumet.
 65919 | Zot:4    | Reached skill level 13 in Shields
 65987 | Zot:4    | Received a gift from Trog
 66670 | Zot:5    | Entered Level 5 of the Realm of Zot
 66781 | Zot:5    | Noticed an ancient lich
 66816 | Zot:5    | Found a transporter.
 66819 | Zot:5    | Noticed HourglassMan's ghost (veteran MiFi)
 66820 | Zot:5    | Found a transporter.
 66925 | Zot:5    | Reached skill level 14 in Dodging
 68056 | Zot:5    | Reached XP level 26. HP: 237/239 MP: 37/37
 68109 | Zot:5    | Noticed a dread lich
 68130 | Zot:5    | Killed a dread lich
 68193 | Zot:5    | Noticed a Killer Klown
 68228 | Zot:5    | Killed a Killer Klown
 68467 | Zot:5    | Noticed a Killer Klown
 68498 | Zot:5    | Killed a Killer Klown
 68499 | Zot:5    | Reached skill level 14 in Shields
 68519 | Zot:5    | Noticed a Killer Klown
 68542 | Zot:5    | Killed a Killer Klown
 68583 | Zot:5    | Noticed an orb of fire
 68604 | Zot:5    | Killed an orb of fire
 68605 | Zot:5    | Reached skill level 20 in Armour
 68792 | Zot:5    | Noticed an orb of fire
 68809 | Zot:5    | Killed an orb of fire
 68817 | Zot:5    | Noticed a Killer Klown
 68829 | Zot:5    | Killed a Killer Klown
 68903 | Zot:5    | Noticed a dread lich
 68919 | Zot:5    | Killed a dread lich
 68919 | Zot:5    | Received a gift from Trog
 68920 | Zot:5    | Reached skill level 15 in Dodging
 69349 | Zot:5    | Noticed an orb of fire
 69368 | Zot:5    | Killed an orb of fire
 69380 | Zot:5    | Got the Orb of Zot
 69408 | Zot:5    | Noticed a Killer Klown
 69418 | Zot:5    | Killed a Killer Klown
 69557 | Zot:2    | Noticed Sonkush the pandemonium lord
 69675 | Depths:1 | Reached skill level 15 in Shields
 69940 | D:7      | Noticed Qeun the pandemonium lord
 70085 | D:$      | Escaped with the Orb!

Illustrated notes

Levels and vault maps discovered:
D:1:      scummos_arrival_checkerplants, layout_basic,
          nicolae_concentric_dashed_squares_mild, kennysheep_flooded_box,
          minmay_crystal_room, minmay_octomino_e4
D:2:      layout_basic, basic_altar, columned_hall_lemuel
D:3:      layout_basic, ebering_ghost_sewer_d, minmay_cupped
D:4:      layout_basic, gammafunk_temple_overflow_claw
D:5:      layout_loops_cross, dancing_weapons_uskayaw, serial_park_tiny_pond,
          minivault_27, uniq_grinder, uniq_edmund
D:6:      layout_loops_ring, minmay_temple_entry_statues_fountains,
          enter_ossuary_4, minmay_manual_monstrance
D:7:      layout_basic, minivault_25, chequers_serial_rivers_large_a,
          kennysheep_small_spiral, lightli_minifort, uniq_jeremiah
D:8:      layout_loops_ring, led_sif_book, erik_lair_island, hex_medium,
          chequers_big_river, uniq_joseph, uniq_psyche, uniq_maurice
D:9:      layout_loops_ring, hangedman_decor_growths, doesnt_shop_hydraphobe
D:10:     layout_roguey, nzn_wu_jian_contemplation, mainiacjoe_overflow_paths
D:11:     layout_grid_maze, zombieorc2_lemuel, st_stairs_14
D:12:     layout_loops_ring, nicolae_diode_basic
D:13:     layout_long_grid, david_vaults_4, uniq_azrael
D:14:     minmay_coctagon, layout_loops_corners, serial_shops,
          nicolae_lakefront_shop, uniq_lodul, uniq_josephine
D:15:     grunt_enter_depths_snipers, layout_cave_pools,
          hellmonk_ghost_happy_afterlife, bloody_trog,
          nicolae_ashenzari_skybound, uniq_kirke, uniq_louise
Lair:1:   layout_chaotic_city, grunt_megastairs_2, lemuel_fruit_tree,
          uniq_maggie, uniq_urug
Lair:2:   layout_regular_city, shoals_dummy_entry, nicolae_snake_entry_squirm,
          cheibrodos_lair_lostbears, serial_bayou_shore_a, uniq_amaemon,
          uniq_erica
Lair:3:   layout_concentric_octagons, gammafunk_ghost_wrathful_warriors,
          nicolae_quartered_pool_super, hangedman_tree_tricks
Lair:4:   layout_cave_pods, dpeg_slime_entry_corner, grunt_megastairs_4
Lair:5:   evilmike_catoblepas_cave, layout_cave_shapes
Shoals:1: layout_shoals
Shoals:2: layout_shoals, st_shoals_ruin
Shoals:3: layout_shoals, ebering_ghost_gozag, nicolae_shoals_bring_sunscreen,
          uniq_polyphemus
Shoals:4: shoals_end_grunt_ice, layout_shoals
Snake:1:  layout_honeycomb, serial_shops, shop, st_stairs_8, minmay_shoptagon
Snake:2:  layout_cave_town, st_stairs_13, serial_bayou_shore_b,
          serial_bayou_shore_b, nicolae_triple_integral, uniq_mlioglotl
Snake:3:  layout_cave_town, basic_altar
Snake:4:  snake_pit_salamanders_mu, layout_cave_town, uniq_mara, uniq_aizul
Orc:1:    layout_caves
Orc:2:    grunt_orc_community_town_hall, layout_diamond_mine,
          grunt_orc_community_big_house_2, grunt_orc_community_big_house_1,
          grunt_orc_community_house_3, grunt_orc_community_house_1,
          grunt_orc_community_house_3, grunt_orc_community_house_3,
          serial_shops, shop, mines2_lemuel, uniq_nessos
Elf:1:    layout_loops_ring, serial_shops, nicolae_shop_industrial_runoff,
          hangedman_corner_corridor
Elf:2:    elven_hall_of_blades_hangedman_original [nicolae_blade_tridents],
          layout_loops_ring, serial_shops, shop
Elf:3:    minmay_elf_hall, layout_loops_corners, drop_trap, uniq_zenata
Vaults:1: hangedman_vaults_nodes, vaults_dpeg_hooks, vaults_room_ringed_pool,
          nicolae_vaults_loss_of_containment, nicolae_vaults_shelves_hall,
          vaults_mumra_hex, nicolae_vaults_weapon_check, v_alt_pattern_5,
          vaults_standard_mumra_x, nicolae_vaults_mini_display_case,
          layout_vaults_big_room, serial_glass, serial_shops,
          nicolae_shop_tiny_glass
Vaults:2: ebering_ghost_inner_flame, nicolae_vaults_bisected_slash, v_misc_23,
          nicolae_vaults_sesquioval_fish, v_misc_19, ontoclasm_vaults_idyll,
          v_misc_3, nicolae_vaults_yaktaur_gun_rack, hangedman_vaults_corner,
          nicolae_vaults_theta, nicolae_vaults_closet_pinwheel_4,
          nicolae_vaults_heart-shaped_vault, nicolae_vaults_display_case,
          layout_vaults_omnicross, blue_anna_dwarven_crypt, serial_shops,
          bzr_entry_water, nicolae_shop_overgrown_old_shop, shop
Vaults:3: nicolae_vaults_doubleplus_tesselated,
          vaults_standard_mumra_enter_the_diamond,
          nicolae_vaults_more_shelving_2, ontoclasm_vaults_ring_square,
          nicolae_vaults_storage_closets_1, nicolae_vaults_sightless_eye,
          vaults_mumra_chevron_long, nicolae_vaults_closet_pinwheel_3,
          nicolae_vaults_little_squares_6, nicolae_vaults_tetromino_Z_2,
          nicolae_vaults_tetromino_L_1, layout_vaults_omnibox
Vaults:4: nicolae_vaults_tetromino_Z_2, ontoclasm_vaults_ring_large, v_misc_11,
          vaults_room_door_ring, hangedman_vaults_stitches, vaults_room_corners,
          nicolae_vaults_tangram_1, hangedman_vaults_slice,
          hangedman_vaults_cutoff, nicolae_vaults_apartment_2,
          ontoclasm_vaults_claustrophobia, nicolae_vaults_shock_wave,
          nicolae_vaults_little_squares_6, nicolae_vaults_little_squares_2,
          v_alt_pattern_6, nicolae_vaults_angled_halls,
          nicolae_vaults_trapezoid_4, layout_vaults_maze_snakey
Vaults:5: serial_shops
Depths:1: layout_cave_pools, abyss_entry, nicolae_figureground_sparkle,
          pf_vacation_house_of_asmodeus, feat_on_display
Depths:2: grunt_house_of_mirrors, layout_twisted_cross, pan_entry,
          nicolae_the_louvre, pf_hell_entry_tar_spiral,
          infiniplex_staircase_star
Depths:3: nicolae_cairo_tiling_very_big, layout_cave_shapes, enter_ziggurat_f,
          abyss_entry_crystal, hell_entry, mu_enter_wizlab_5,
          minmay_misc_feat_enclosed
Depths:4: grunt_zot_entry_pinwheel, layout_gridlike, hell_entry, serial_shops,
          shop, vehumet_crystals, uniq_margery
Zot:1:    layout_gridlike, regret_index_zotdec_gossamer_gf, uniq_josephina
Zot:2:    layout_concentric_octagons, regret_index_zotdec_carving_tricks
Zot:3:    layout_cellular_growth, lemuel_flame_loot_1
Zot:4:    layout_twisted_circle, st_small_dragon_hoard_3,
          regret_index_zotdec_icy_dp
Zot:5:    layout_cathedral_of_symmetry, gammafunk_ghost_mausoleum, st_stairs_3,
          skrybe_zot_glass_3

Skill      XL: |  1  2  3  4  5  6  7  8  9 10 11 12 13 14 15 16 17 18 19 20 21 22 23 24 25 26 |
---------------+-------------------------------------------------------------------------------+-----
Axes           | 3 4 5 7 9 14 15 16 17 | 17.7
Fighting       | 4 5 6 8 10 11 12 13 14 15 16 17 18 20 | 20.0
Maces & Flails | 3 5 |  5.3
Shields        | 2 5 6 8 9 10 11 12 13 15 | 15.1
Armour         | 3 6 9 10 11 12 13 14 15 16 18 19 20 | 20.0
Evocations     | 2 4 6 7 8 9 |  9.0
Dodging        | 4 5 7 10 11 12 14 15 | 15.5
Stealth        | 5 |  5.0
Throwing       | 3 5 7 8 10 11 12 14 16 | 16.0
Invocations    | 1 5 8 10 11 13 15 17 20 | 20.1

Action                     |  1- 3 |  4- 6 |  7- 9 | 10-12 | 13-15 | 16-18 | 19-21 | 22-24 | 25-27 || total
---------------------------+-------+-------+-------+-------+-------+-------+-------+-------+-------++-------
  Melee: Hand axe          |   124 |   212 |   404 |       |       |       |       |       |       ||   740
         Flail             |       |       |   211 |   158 |       |       |       |       |       ||   369
         Trident           |       |       |       |   134 |       |       |       |       |       ||   134
         Broad axe         |       |       |       |   423 |  1282 |  1337 |  1417 |  1564 |   941 ||  6964
         Executioner's axe |       |       |       |       |    53 |       |       |       |       ||    53
  Throw: Throwing net      |       |       |     1 |       |       |       |       |       |       ||     1
         Boomerang         |       |       |       |    47 |       |       |       |       |    91 ||   138
         Dart              |       |       |       |     3 |     1 |       |       |       |       ||     4
 Invoke: Trog's Hand       |       |     2 |     3 |     4 |     4 |     4 |     7 |    12 |     4 ||    40
         Brothers in Arms  |       |       |       |     5 |     8 |     6 |     3 |     3 |     3 ||    28
  Evoke: Wand              |       |       |     3 |    13 |    12 |     4 |     4 |     3 |     5 ||    44
    Use: Scroll            |       |     2 |    10 |     6 |    10 |     7 |    15 |     6 |    11 ||    67
         Potion            |       |     1 |     6 |       |       |     1 |     1 |     2 |     8 ||    19
   Stab: Held in net/web   |       |       |     1 |       |       |       |       |       |       ||     1
         Paralysed         |       |       |       |     3 |       |       |     3 |       |     8 ||    14
         Distracted        |       |       |       |       |       |     1 |     4 |       |       ||     5
         Petrifying        |       |       |       |       |       |       |     5 |       |       ||     5
         Confused          |       |       |       |       |       |       |     8 |     1 |       ||     9
         Petrified         |       |       |       |       |       |       |     1 |       |       ||     1
 Armour: Animal skin       |    11 |       |       |       |       |       |       |       |       ||    11
         Ring mail         |    72 |   138 |   264 |       |       |       |       |       |       ||   474
         Scale mail        |       |       |    93 |    28 |       |       |       |       |       ||   121
         Chain mail        |       |       |       |   168 |       |       |       |       |       ||   168
         Plate armour      |       |       |       |   325 |  1120 |   797 |   791 |   444 |       ||  3477
         Crystal plate arm |       |       |       |       |       |       |       |   507 |   629 ||  1136
  Dodge: Dodged            |    98 |    94 |   236 |   148 |   313 |   434 |   432 |   550 |   340 ||  2645
         Repelled          |       |       |     3 |       |       |       |       |       |       ||     3
  Block: Buckler           |     4 |    33 |   213 |   254 |   487 |       |       |       |       ||   991
         Reflection        |       |       |     2 |     7 |    51 |    61 |       |       |       ||   121
         Tower shield      |       |       |       |       |   263 |  1635 |  1421 |  1728 |  1044 ||  6091
         Other             |       |       |       |       |    10 |       |       |       |       ||    10

Table legend:
 A = Kills in this place as a percentage of kills in the entire game.
 B = Kills by you in this place as a percentage of kills by you in the entire game.
 C = Kills by friends in this place as a percentage of kills by friends in the entire game.
 D = Other kills in this place as a percentage of other kills in the entire game.
 E = Experience gained in this place as a percentage of experience gained in the entire game.
 F = Experience gained in this place divided by the number of levels of this place that you have seen.
                   A       B       C       D       E      F
               +-------+-------+-------+-------+-------+----------------------
         Total | 100.0 | 100.0 | 100.0 | 100.0 | 100.0 | 23785.6
       Dungeon |  20.3 |  20.2 |  25.7 |   5.6 |   6.0 | 4729.8
          Lair |   7.7 |   7.8 |   7.1 |   0.0 |   3.8 | 8945.4
        Shoals |   8.5 |   7.7 |  28.6 |  16.7 |   7.8 | 23279.5
     Snake Pit |   9.6 |   9.7 |   7.1 |  11.1 |   9.9 | 29382.2
  Orcish Mines |   5.7 |   5.9 |   2.9 |   0.0 |   0.9 | 5455.5
   Elven Halls |   7.6 |   7.5 |  10.0 |   5.6 |   9.4 | 37204.0
        Vaults |  21.2 |  21.7 |   8.6 |  22.2 |  28.0 | 66624.8
        Depths |   9.5 |   9.7 |   4.3 |  11.1 |  14.6 | 43463.8
           Zot |   6.6 |   6.5 |   5.7 |  16.7 |  17.3 | 41047.6
       Ossuary |   1.7 |   1.7 |   0.0 |   0.0 |   0.1 | 747.0
        Wizlab |   1.6 |   1.6 |   0.0 |  11.1 |   2.3 | 27473.0
               +-------+-------+-------+-------+-------+----------------------

Table legend: (Time is in decaauts)
 A = Elapsed time spent in this place.
 B = Non-inter-level travel time spent in this place.
 C = Inter-level travel time spent in this place.
 D = Time resting spent in this place.
 E = Time spent auto-exploring this place.
 F = Levels seen in this place.
 G = Mean time per level.
                   A        B        C        D        E       F      G
               +--------+--------+--------+--------+--------+-----+--------+
         Total |  71205 |  66003 |   5202 |  12961 |  38322 |  50 | 1424.1 |
       Dungeon |  22877 |  20390 |   2487 |   3960 |  12593 |  15 | 1525.1 |
          Lair |   7344 |   6833 |    511 |   1073 |   4638 |   5 | 1468.8 |
        Shoals |   4779 |   4603 |    176 |    319 |   3009 |   4 | 1194.8 |
     Snake Pit |   5854 |   5426 |    428 |    738 |   3350 |   4 | 1463.5 |
  Orcish Mines |   3133 |   2895 |    238 |   1105 |   1162 |   2 | 1566.5 |
   Elven Halls |   7650 |   7393 |    257 |   3246 |   2836 |   3 | 2550.0 |
        Vaults |   7949 |   7468 |    481 |    180 |   5261 |   5 | 1589.8 |
        Depths |   4618 |   4264 |    354 |    139 |   3085 |   4 | 1154.5 |
           Zot |   5705 |   5439 |    266 |   2013 |   2094 |   5 | 1141.0 |
        Bazaar |    112 |    112 |      0 |      0 |     61 |   1 |  112.0 |
       Ossuary |    409 |    409 |      0 |      8 |    110 |   1 |  409.0 |
        Wizlab |    770 |    770 |      0 |    177 |    118 |   1 |  770.0 |
               +--------+--------+--------+--------+--------+-----+--------+

Top non-repeatable levels by time:
   Elf:3: 4154 daAuts
     D:8: 3292 daAuts
     D:5: 2781 daAuts
   Zot:5: 2663 daAuts
 Snake:4: 2293 daAuts
   Orc:2: 2243 daAuts
  Lair:2: 2099 daAuts
   Elf:1: 2098 daAuts
    D:13: 2084 daAuts
Vaults:5: 2000 daAuts
    D:11: 1833 daAuts
Vaults:1: 1705 daAuts
     D:4: 1673 daAuts
Shoals:4: 1673 daAuts
    D:14: 1608 daAuts
